 Dungeon Crawl Stone Soup version 0.30-a0-576-g89cddaab80 (webtiles) character file.

Game seed: 11373520690056896600

77 themarg the Insei (level 4, -5/34 HPs)
             Began as a Gnoll Transmuter on Dec 30, 2022.
             Slain by an iguana (7 damage)
             ... on level 4 of the Dungeon.
             The game lasted 00:03:34 (1625 turns).

themarg the Insei (Gnoll Transmuter)                Turns: 1625, Time: 00:03:34

Health: -5/34      AC:  2    Str:  9    XL:     4   Next: 33%
Magic:  11/11      EV: 13    Int: 14    God:
Gold:   116        SH:  0    Dex: 13    Spells: 7/13 levels left

rFire   . . .      SeeInvis .    i - +0 dagger
rCold   . . .      Faith    .    (no shield)
rNeg    . . .      Spirit   .    a - +0 robe
rPois   .          Reflect  .    (helmet currently unavailable)
rElec   .          Harm     .    (no cloak)
rCorr   .          Rampage  .    (no gloves)
Will    .....                    (boots currently unavailable)
Stlth   ++                       f - amulet of magic regeneration
HPRegen 0.25/turn                (no ring)
MPRegen 0.52/turn                (no ring)

@: appendages (expiring)
A: horns 2, talons 2, fangs 1, strong nose, distributed training
a: End Transformation


You were on level 4 of the Dungeon.
You had temporarily grown beastly horns and talons.
You visited 1 branch of the dungeon, and saw 3 of its levels.

You collected 116 gold pieces.

Inventory:

Hand Weapons
 i - a +0 dagger (weapon)
Missiles
 g - 14 stones
 p - 3 boomerangs
Armour
 a - a +0 robe (worn)
 k - a scarf of harm
Jewellery
 c - a ring of positive energy
 f - an amulet of magic regeneration (around neck)
Scrolls
 d - a scroll of blinking {unknown}
 e - a scroll of fog {unknown}
 j - a scroll of poison {unknown}
 l - 2 scrolls of vulnerability {unknown}
Potions
 b - a potion of lignification
 h - a potion of mutation {unknown}
 m - a potion of degeneration {unknown}
 n - a potion of haste {unknown}
 o - a potion of magic


   Skills:
 + Level 2.7 Fighting
 + Level 1.1 Short Blades
 + Level 1.1 Long Blades
 + Level 1.1 Axes
 + Level 1.1 Maces & Flails
 + Level 1.1 Polearms
 + Level 1.1 Staves
 + Level 1.1 Ranged Weapons
 + Level 1.1 Throwing
 + Level 1.1 Armour
 + Level 4.6 Dodging
 + Level 1.1 Stealth
 + Level 1.1 Shields
 + Level 6.6 Unarmed Combat
 + Level 5.1 Spellcasting
 + Level 0.9 Conjurations
 + Level 0.9 Hexes
 + Level 0.9 Summonings
 + Level 0.9 Necromancy
 + Level 0.9 Translocations
 + Level 3.8 Transmutations
 + Level 0.9 Fire Magic
 + Level 0.9 Ice Magic
 + Level 0.9 Air Magic
 + Level 0.9 Earth Magic
 + Level 0.9 Poison Magic
 + Level 1.2 Invocations
 + Level 1.1 Evocations


You had 7 spell levels left.
You knew the following spells:

 Your Spells              Type           Power      Damage    Failure   Level
a - Beastly Appendage     Tmut           28%        N/A       3%          1
b - Wereblood             Tmut           14%        N/A       5%          2
c - Spider Form           Tmut/Pois      10%        N/A       19%         3

Your spell library contained the following spells:

 Spells                   Type           Power      Damage    Failure   Level
 Summon Small Mammal      Summ           24%        N/A       12%         1
 Call Canine Familiar     Summ           6%         N/A       34%         3
 Summon Guardian Golem    Hex/Summ       6%         N/A       34%         3
 Ice Form                 Ice/Tmut       10%        N/A       54%         4


Dungeon Overview and Level Annotations

Branches:
Dungeon (2/15)

Altars:


Innate Abilities, Weirdness & Mutations

You have temporarily grown beastly horns and talons.
You have very sharp teeth.
Your uncanny sense of smell can sniff out nearby items.
Your experience applies equally to all skills.


Message History

The adder bites you but does no damage.
You hit the iguana.
The iguana is severely wounded.
The adder misses you. The iguana misses you. The adder barely misses you.
You hit the iguana. You bite the iguana, but do no damage.
The iguana is severely wounded.
The iguana closely misses you. The adder misses you.
You barely miss the iguana. You claw the iguana, but do no damage.
The iguana is severely wounded.
The kobold hits you but does no damage. The iguana closely misses you.
The adder bites you but does no damage.
You closely miss the iguana. You claw the iguana, but do no damage.
Your bite misses the iguana.
The iguana is severely wounded.
The kobold closely misses you. The adder bites you.
The iguana completely misses you.
You barely miss the iguana. You claw the iguana, but do no damage.
The iguana is severely wounded.
The adder bites you. The iguana barely misses you.
The kobold hits you with a +0 short sword.
You hit the iguana but do no damage. Your kick misses the iguana.
The iguana is severely wounded.
The adder misses you. The kobold closely misses you.
The iguana closely misses you. The adder bites you.
You closely miss the iguana. Your kick misses the iguana.
Your headbutt misses the iguana. You punch the iguana.
The iguana is severely wounded.
The iguana bites you!
* * * LOW HITPOINT WARNING * * *
The kobold closely misses you. The adder bites you but does no damage.
You miss the adder. Your kick misses the adder. You bite the adder.
The adder is lightly wounded.
The adder closely misses you. The iguana bites you.
* * * LOW HITPOINT WARNING * * *
The kobold misses you.
You closely miss the adder. You bite the adder, but do no damage.
The adder is lightly wounded.
The adder closely misses you. The kobold barely misses you.
The iguana bites you!
You die...

#......#.......#.........
+......#.......'.........
#......#########.....###
................#
................+
................#
................#
..................
......S@.....$.....
......Kl...........
..#########........ .
....... ...... ....


You could see an iguana, an adder and a kobold.

Vanquished Creatures
  A hound (D:4)
  An adder (D:2)
  An ufetubus (D:4)
  A dart slug (D:2)
  5 orcs (D:4)
  5 goblins
  2 hobgoblins (D:1)
  4 jackals (D:1)
  A kobold (D:2)
  2 ball pythons
  A bat (D:2)
  A frilled lizard (D:2)
25 creatures vanquished.

Notes
Turn   | Place    | Note
-------+----------+-------------------------------------------
     0 | D:1      | themarg the Gnoll Transmuter began the quest for the Orb.
     0 | D:1      | Reached XP level 1. HP: 17/17 MP: 6/6
   253 | D:1      | Reached XP level 2. HP: 16/23 MP: 5/7
   874 | D:2      | Reached skill level 5 in Spellcasting
   874 | D:2      | Reached XP level 3. HP: 3/28 MP: 7/9
   874 | D:2      | HP: 1/28 [poisoned by an adder]
  1227 | D:2      | You fall into a shaft and drop 2 floors!
  1270 | D:4      | Reached skill level 1 in Short Blades
  1270 | D:4      | Reached skill level 1 in Long Blades
  1270 | D:4      | Reached skill level 1 in Axes
  1270 | D:4      | Reached skill level 1 in Maces & Flails
  1270 | D:4      | Reached skill level 1 in Polearms
  1270 | D:4      | Reached skill level 1 in Staves
  1270 | D:4      | Reached skill level 1 in Ranged Weapons
  1270 | D:4      | Reached skill level 1 in Throwing
  1270 | D:4      | Reached skill level 1 in Armour
  1270 | D:4      | Reached skill level 1 in Stealth
  1270 | D:4      | Reached skill level 1 in Shields
  1270 | D:4      | Reached skill level 1 in Invocations
  1270 | D:4      | Reached skill level 1 in Evocations
  1270 | D:4      | Reached XP level 4. HP: 18/34 MP: 11/11
  1597 | D:4      | Learned a level 2 spell: Wereblood
  1601 | D:4      | Learned a level 3 spell: Spider Form
  1625 | D:4      | Slain by an iguana

Illustrated notes

Levels and vault maps discovered:
D:1:      dpeg_arrival_water_temple_mockup, layout_basic
D:2:      layout_loops_ring, serial_shops, nicolae_lakefront_shop
D:4:      minmay_wonky_spiral, layout_gridville, mainiacjoe_overflow_24_doors,
          kennysheep_generic_room_6

Skill      XL: |  1  2  3 |
---------------+----------+-----
Spellcasting   | 5 |  5.1
Short Blades   | 1 |  1.1
Long Blades    | 1 |  1.1
Axes           | 1 |  1.1
Maces & Flails | 1 |  1.1
Polearms       | 1 |  1.1
Staves         | 1 |  1.1
Ranged Weapons | 1 |  1.1
Throwing       | 1 |  1.1
Armour         | 1 |  1.1
Stealth        | 1 |  1.1
Shields        | 1 |  1.1
Invocations    | 1 |  1.2
Evocations     | 1 |  1.1
Fighting       | |  2.7
Dodging        | |  4.6
Unarmed Combat | |  6.6
Conjurations   | |  0.9
Hexes          | |  0.9
Summonings     | |  0.9
Necromancy     | |  0.9
Translocations | |  0.9
Transmutations | |  3.8
Fire Magic     | |  0.9
Ice Magic      | |  0.9
Air Magic      | |  0.9
Earth Magic    | |  0.9
Poison Magic   | |  0.9

Action                   |  1- 3 |  4- 6 || total
-------------------------+-------+-------++-------
Melee: Unarmed           |    21 |       ||    21
       Kick              |    14 |    12 ||    26
       Headbutt          |     5 |     7 ||    12
       Bite              |     7 |     7 ||    14
       Dagger            |    54 |    45 ||    99
       Punch             |     1 |     3 ||     4
 Cast: Beastly Appendage |    15 |     4 ||    19
  Use: Potion            |     2 |       ||     2
Armor: Robe              |    18 |    11 ||    29
Dodge: Dodged            |    57 |    56 ||   113

Table legend: (Time is in decaauts)
 A = Elapsed time spent in this place.
 B = Non-inter-level travel time spent in this place.
 C = Inter-level travel time spent in this place.
 D = Time resting spent in this place.
 E = Time spent auto-exploring this place.
 F = Levels seen in this place.
 G = Mean time per level.
                   A        B        C        D        E       F      G
               +--------+--------+--------+--------+--------+-----+--------+
         Total |   1617 |   1575 |     42 |      0 |   1318 |   3 |  539.0 |
       Dungeon |   1617 |   1575 |     42 |      0 |   1318 |   3 |  539.0 |
               +--------+--------+--------+--------+--------+-----+--------+

Top non-repeatable levels by time:
     D:1: 759 daAuts
     D:2: 462 daAuts
     D:4: 395 daAuts
